 Dungeon Crawl Stone Soup version 0.30.0-20-g3615ddf2f0 (webtiles) character file.

Game seed: 15078275307060190709

91 qw the Chopper (level 4, -5/28 HPs)
             Began as a Gargoyle Fighter on May 31, 2023.
             Killed from afar by an orc wizard (8 damage)
             ... with a magic dart
             ... on level 3 of the Dungeon.
             The game lasted 00:00:45 (1612 turns).

qw the Chopper (Gargoyle Fighter)                   Turns: 1612, Time: 00:00:46

Health: -5/28      AC: 13    Str: 21    XL:     4   Next: 57%
Magic:  4/4        EV:  7    Int:  9    God:
Gold:   177        SH:  4    Dex:  9    Spells: 3/3 levels left

rFire   . . .        Y - +0 war axe
rCold   . . .        c - +0 buckler
rNeg    + . .        i - +0 chain mail
rPois   inf          (no helmet)
rElec   +            (no cloak)
rCorr   .            (no gloves)
SInv    +            l - +0 pair of boots
Will    .....        (no amulet) Stlth
                     h - ring of see invisible
HPRegen 0.24/turn    g - +4 ring of slaying {mikee}
MPRegen 0.09/turn

%: no passive effects
@: about to teleport
A: sickness immunity, AC +3, negative energy resistance 1, electricity
resistance, torment resistance 1, petrification resistance
a: no special abilities


You were on level 3 of the Dungeon.
You visited 1 branch of the dungeon, and saw 3 of its levels.

You collected 177 gold pieces.


Innate Abilities, Weirdness & Mutations

You are immune to sickness and miasma.
Your stone body is resilient. (AC +3)
You are immune to poison.
You resist negative energy. (rN+)
You are resistant to electric shocks. (rElec)
You are resistant to unholy torment.
You are immune to petrification.


   Skills:
 - Level 3.2 Fighting
 + Level 4.2 Axes
 - Level 3.2 Armour
 - Level 3.2 Shields


You had 3 spell levels left.
You didn't know any spells.
Your spell library was empty.

Inventory:

Hand Weapons
 e - a +0 flail
 Y - a +0 war axe (weapon)
Armour
 c - a +0 buckler (worn)
 i - a +0 chain mail (worn)
 l - a +0 pair of boots (worn)
Jewellery
 g - a +4 ring of slaying (right hand) {mikee}
 h - a ring of see invisible (left hand)
Scrolls
 a - 3 scrolls of identify
 k - a scroll of teleportation
Potions
 d - a potion of might
 f - 2 potions of curing
 j - a potion of haste

Dungeon Overview and Level Annotations

Branches:
Dungeon (3/15)

Altars:


Message History

The orc priest is heavily wounded.
You hit the orc wizard.
The orc wizard hits you but does no damage.
The orc priest completely misses you.
You barely miss the orc priest.
The orc priest is heavily wounded.
You hit the orc wizard but do no damage.
The orc priest hits you but does no damage.
The orc wizard gestures at you while chanting.
The puff of flame hits you.
The orc priest looks encouraged for a moment.
The orc priest hits you but does no damage.
You closely miss the orc priest.
The orc priest is heavily wounded.
You hit the orc but do no damage. The orc hits you but does no damage.
The orc priest mumbles some strange prayers to Beogh against you.
Beogh smites you!
You hit the orc priest.
The orc priest is almost dead.
You barely miss the orc.
The orc priest mumbles some strange prayers to Beogh against you.
You barely resist. The orc hits you but does no damage.
The orc priest invokes the aid of Beogh against you.
Beogh smites you!
1610 ||| READING 2 scrolls of teleportation.
As you read the scroll of teleportation, it crumbles to dust.
You feel strangely unstable.
The orc priest hits you but does no damage.
The orc hits you but does no damage.
You hit the orc priest.
You kill the orc priest!
You hit the orc. The orc hits you but does no damage.
Your Axes skill increases to level 4!
You slash the orc!
You kill the orc!
The orc wizard points at you and mumbles some strange words.
The magic dart hits you!
You die...

#.# #.#
#.# .#.#
#.####. .#
#.##[. .#
#.##.# o#
#.##.## o#
#.#.#.##)#
#<.###.@)#
#.##
##........
##.
.#######.
#. .# ###


You could see an orc priest and an orc wizard.

Vanquished Creatures
  An orc priest (D:3)
  A gnoll (D:1)
  An adder (D:2)
  A dart slug (D:2)
  An orc (D:3)
  5 endoplasms
  2 giant cockroaches
  A goblin (D:1)
  2 hobgoblins
  4 jackals (D:1)
  2 quokkas
  5 ball pythons
  3 bats
  2 frilled lizards
  4 kobolds
  6 rats
41 creatures vanquished.

Notes
Turn   | Place    | Note
-------+----------+-------------------------------------------
     0 | D:1      | qw the Gargoyle Fighter began the quest for the Orb.
     0 | D:1      | Reached XP level 1. HP: 14/14 MP: 1/1
     0 | D:1      | 0 ||| qw: Version: 0.2-a-102-gfc559e5
     0 | D:1      | 0 ||| qw: Game counter: 563
     0 | D:1      | 0 ||| qw: Always use a shield: true
     0 | D:1      | 0 ||| qw: God list: Okawaru
     0 | D:1      | 0 ||| qw: Allow faded altars: false
     0 | D:1      | 0 ||| qw: Do Orc after D:15 true
     0 | D:1      | 0 ||| qw: Do second Lair branch before Depths: true
     0 | D:1      | 0 ||| qw: Lair rune preference: random
     0 | D:1      | 0 ||| qw: Plans: Normal, Zot:1-4, Slime:5, God:TSO, Crypt,
                  | Tomb, Pan, Hells, Abyss, Win
     0 | D:1      | 0 ||| PLANNING D:1-11
    79 | D:1      | Reached skill level 2 in Axes
   245 | D:1      | Reached XP level 2. HP: 19/19 MP: 2/2
   366 | D:1      | Reached skill level 3 in Axes
   446 | D:1      | Reached XP level 3. HP: 23/23 MP: 3/3
   813 | D:1      | 813 ||| UPGRADING to +0 pair of boots.
   818 | D:1      | 818 ||| UPGRADING to ring of see invisible.
   819 | D:1      | 819 ||| READING 2 scrolls labelled ZAHYRI YMUSUNG.
   820 | D:1      | 820 ||| READING scroll labelled BIKHLI RAAKKULA.
   821 | D:1      | 821 ||| READING scroll labelled YNGOXK MUODWEC.
   822 | D:1      | 822 ||| READING 2 scrolls labelled TARIUF OTHITI.
   825 | D:1      | 825 ||| DRINKING 3 ruby potions.
  1059 | D:2      | 1059 ||| FLEEEEING.
  1069 | D:2      | 1069 ||| STAIRDANCE
  1310 | D:2      | Reached XP level 4. HP: 25/28 MP: 4/4
  1572 | D:2      | 1572 ||| UPGRADING to +0 chain mail.
  1582 | D:2      | 1582 ||| DROPPING +0 scale mail.
  1583 | D:2      | 1583 ||| UPGRADING to +4 ring of slaying {mikee}.
  1584 | D:2      | 1584 ||| READING 4 scrolls of identify.
  1584 | D:2      | 1584 ||| IDENTIFYING blue potion
  1609 | D:3      | HP: 2/28 [orc priest/divine providence (10)]
  1610 | D:3      | 1610 ||| READING 2 scrolls of teleportation.
  1612 | D:3      | Reached skill level 4 in Axes
  1612 | D:3      | Killed from afar by an orc wizard

Levels and vault maps discovered:
D:1:      co_arrival_random_square_maze, layout_loops_ring, minmay_tromino_v4_c
D:2:      layout_loops_cross
D:3:      layout_loops_corners, nicolae_elyvilon_peaceful_grove,
          dreamdust_ecumenical_altar_angels_and_demons, uniq_crazy_yiuf_cottage

Skill      XL: |  1  2  3  4 |
---------------+-------------+-----
Axes           | 2 3 4 |  4.2
Fighting       | |  3.2
Armour         | |  3.2
Shields        | |  3.2

Action                     |  1- 3 |  4- 6 || total
---------------------------+-------+-------++-------
  Melee: War axe           |   109 |    18 ||   127
    Use: Scroll            |     4 |     2 ||     6
         Potion            |     1 |       ||     1
 Armour: Scale mail        |    59 |     5 ||    64
         Chain mail        |       |     8 ||     8
  Dodge: Dodged            |    57 |     4 ||    61
  Block: Buckler           |    23 |     4 ||    27

Table legend:
 A = Non-vault XP
 B = Vault XP
 C = Vault XP percentage of total XP
 D = Non-vault monster count
 E = Vault monster count
 F = Vault count percentage of total count
                 A         B        C        D         E       F
            +---------+---------+-------+---------+---------+-------
      Total |     132 |       1 |   0.8 |      40 |       1 |   2.4
            +---------+---------+-------+---------+---------+-------
        D:1 |      46 |       1 |   2.1 |      20 |       1 |   4.8
        D:2 |      42 |       0 |   0.0 |      18 |       0 |   0.0
        D:3 |      44 |       0 |   0.0 |       2 |       0 |   0.0
            +---------+---------+-------+---------+---------+-------
